 Dungeon Crawl Stone Soup version 0.30-a0-953-g5f1da4a474 (webtiles) character file.

Game seed: 10336368325390067659

701 NotreDorf the Trooper (level 7, 0/63 HPs)
             Began as a Hill Orc Fighter on Mar 28, 2023.
             Was a Follower of Beogh.
             Succumbed to a gnoll sergeant's poison
             ... on level 5 of the Dungeon on Mar 29, 2023.
             The game lasted 00:10:47 (3809 turns).

NotreDorf the Trooper (Hill Orc Fighter)            Turns: 3809, Time: 00:10:47

Health: 0/63       AC:  8    Str: 21    XL:     7   Next: 66%
Magic:  7/7        EV: 10    Int:  8    God:    Beogh [*.....]
Gold:   243        SH:  6    Dex: 16    Spells: 6/6 levels left

rFire   . . .      SeeInvis .    a - +0 war axe
rCold   . . .      Faith    .    c - +0 buckler
rNeg    . . .      Spirit   .    u - +1 ring mail {rPois}
rPois   +          Reflect  .    f - +0 helmet
rElec   .          Rampage  .    (no cloak)
rCorr   .                        (no gloves)
Will    .....                    (no boots)
Stlth   +                        (no amulet)
HPRegen 0.30/turn                l - +6 ring of dexterity
MPRegen 0.10/turn                (no ring)

@: lethally poisoned (0 -> -26)
A: no striking features
a: Renounce Religion


You were on level 5 of the Dungeon.
You worshipped Beogh.
Beogh was aware of your devotion.
You visited 1 branch of the dungeon, and saw 5 of its levels.

You collected 243 gold pieces.

Inventory:

Hand Weapons
 a - a +0 war axe (weapon)
Missiles
 n - 11 poisoned darts (quivered)
Armour
 c - a +0 buckler (worn)
 f - a +0 helmet (worn)
 u - a +1 ring mail of poison resistance (worn)
Jewellery
 l - a +6 ring of dexterity (left hand)
 m - a ring of fire
 q - a ring of wizardry
Scrolls
 b - a scroll of brand weapon {unknown}
 e - 7 scrolls of identify {unknown}
 h - a scroll of magic mapping {unknown}
 i - a scroll of amnesia
 k - a scroll of acquirement {unknown}
 p - a scroll of noise {unknown}
 r - a scroll of enchant weapon {unknown}
 s - a scroll of silence {unknown}
Potions
 d - 2 potions of might
 g - 2 potions of haste
 j - 2 potions of attraction
 o - a potion of experience {unknown}
 t - a potion of flight {unknown}
 v - 2 potions of mutation {unknown}
 w - a potion of curing


   Skills:
 + Level 6.0 Fighting
 + Level 5.9 Axes
 + Level 5.5 Armour
 + Level 5.5 Shields


You had 6 spell levels left.
You didn't know any spells.
Your spell library contained the following spells:

 Spells                   Type           Power      Damage    Failure   Level
 Foxfire                  Conj/Fire      0%         2x1d2     65%         1
 Sandblast                Erth           0%         2d4       65%         1
 Cigotuvi's Dreadful Rot  Necr/Pois/Air  0%         N/A       78%         2
 Passwall                 Tmut/Erth      0%         N/A       78%         2
 Poisonous Vapours        Pois/Air       0%         N/A       78%         2
 Sublimation of Blood     Necr           0%         N/A       78%         2
 Wereblood                Tmut           0%         N/A       78%         2
 Mephitic Cloud           Conj/Pois/Air  0%         N/A       95%         3
 Stone Arrow              Conj/Erth      0%         3d7       95%         3
 Dispel Undead            Necr           0%         3d6       100%        4
 Fireball                 Conj/Fire      0%         3d3       100%        5
 Death Channel            Necr           0%         N/A       100%        6
 Starburst                Conj/Fire      0%         6d3       100%        6
 Summon Hydra             Summ           0%         N/A       100%        7


Dungeon Overview and Level Annotations

Branches:
Dungeon (5/15)
 Temple: D:4-7

Altars:
Fedhas
Kikubaaqudgha
Beogh

Annotations:
D:4 1 runed translucent door, roninjake's ghost, novice MiFi


Message History

You hear a bark!
You block the gnoll's attack.
You slash the gnoll!
You kill the gnoll!
Beogh accepts your kill.
You miss the water moccasin. The water moccasin barely misses you.
The gnoll sergeant hits you from afar with a +2 spear of venom!
The water moccasin misses you. The water moccasin bites you.
The gnoll sergeant hits you with a +2 spear of venom.
You are poisoned.
You slash the gnoll sergeant!
The gnoll sergeant is moderately wounded.
You closely miss the water moccasin.
You feel very sick.
The water moccasin bites you but does no damage.
The gnoll sergeant closely misses you.
A gnoll comes into view. It is wielding a +0 whip.
You block the water moccasin's attack. The jackal barely misses you.
The gnoll sergeant hits you but does no damage.
The gnoll hits you from afar with a +0 halberd!
The gnoll hits you but does no damage.
You hit the gnoll sergeant but do no damage.
The gnoll sergeant is moderately wounded.
You closely miss the jackal. You slash the gnoll! You slash the water moccasin!
You feel sick.
The water moccasin bites you but does no damage.
You block the jackal's attack. The water moccasin closely misses you.
The gnoll sergeant hits you with a +2 spear of venom!
* * * LOW HITPOINT WARNING * * *
You are lethally poisoned!
The gnoll hits you from afar with a +0 halberd.
* * * LOW HITPOINT WARNING * * *
The gnoll hits you with a +0 club.
* * * LOW HITPOINT WARNING * * *
Okay, then.
As you read the scroll labelled MEHUMY BESHAVOEM, it crumbles to dust.
It is a scroll of amnesia.
You feel forgetful for a moment.
You die...

## ##.### ####
#....#....#
##..$.#.....
##.#...........
......)<[......
?.....S@......#
#....ghgg.....#
###......##....
#..#...## ...
#.#.#..## .. .
. g.. . . ....
..##. #


You could see a water moccasin, a gnoll sergeant, 3 gnolls and a jackal.

Vanquished Creatures
  3 ogres (D:5)
  2 hounds
  A gnoll bouda (D:4)
  2 orc wizards (D:3)
  3 iguanas
  A sleepcap (D:4)
  A gnoll (D:5)
  11 adders
  2 dart slugs
  16 orcs
  8 ball pythons
  6 endoplasms
  5 giant cockroaches
  6 goblins
  9 hobgoblins
  4 jackals
  7 kobolds
  2 quokkas
  3 bats
  A frilled lizard (D:3)
  8 rats
101 creatures vanquished.

Vanquished Creatures (others)
  An orc priest (D:4)
1 creature vanquished.

Grand Total: 102 creatures vanquished

Notes
Turn   | Place    | Note
-------+----------+-------------------------------------------
     0 | D:1      | NotreDorf the Hill Orc Fighter began the quest for the Orb.
     0 | D:1      | Reached XP level 1. HP: 19/19 MP: 1/1
   380 | D:1      | Reached XP level 2. HP: 25/27 MP: 2/2
   743 | D:2      | Reached skill level 4 in Fighting
   743 | D:2      | Reached XP level 3. HP: 33/33 MP: 3/3
   972 | D:2      | Reached XP level 4. HP: 40/40 MP: 4/4
  1340 | D:3      | Reached XP level 5. HP: 35/47 MP: 5/5
  1545 | D:3      | Found a blossoming altar of Fedhas.
  1869 | D:4      | Found a runed translucent door.
  1869 | D:4      | Noticed roninjake's ghost (novice MiFi)
  2100 | D:4      | Found a roughly hewn altar of Beogh.
  2122 | D:4      | Became a worshipper of Beogh the Brigand
  2816 | D:4      | Reached XP level 6. HP: 55/55 MP: 6/6
  3020 | D:4      | Reached skill level 5 in Fighting
  3270 | D:5      | Entered Level 5 of the Dungeon
  3270 | D:5      | Found an ancient bone altar of Kikubaaqudgha.
  3285 | D:5      | Reached skill level 5 in Axes
  3351 | D:5      | Reached skill level 5 in Armour
  3351 | D:5      | Reached skill level 5 in Shields
  3351 | D:5      | Reached XP level 7. HP: 38/61 MP: 7/7
  3358 | D:5      | Reached * piety under Beogh
  3751 | D:4      | Reached skill level 6 in Fighting
  3809 | D:5      | Succumbed to a gnoll sergeant's poison

Illustrated notes

Levels and vault maps discovered:
D:1:      reono_arrival_mine, layout_loops_ring
D:2:      layout_rooms, chequers_serial_rivers_micro_e
D:3:      layout_basic, lemuel_doored_altar, minmay_circle_x
D:4:      minmay_bubble_buster, layout_loops_corners, ebering_ghost_inner_flame,
          kennysheep_orc_chapel
D:5:      layout_cave_pools, mainiacjoe_overflow_concentric_impassable,
          serial_shops, shop_statue, serial_gnoll_camp, gnoll_camp_mini_shop,
          gnoll_camp_mini_sergeant, gnoll_camp_mini_hut, gnoll_camp_mini_house,
          gnoll_camp_huts_basic, minmay_between

Skill      XL: |  1  2  3  4  5  6  7 |
---------------+----------------------+-----
Axes           | 3 4 5 |  5.9
Fighting       | 4 5 6 |  6.0
Armour         | 4 5 |  5.5
Shields        | 4 5 |  5.5

Action                     |  1- 3 |  4- 6 |  7- 9 || total
---------------------------+-------+-------+-------++-------
  Melee: War axe           |    58 |   155 |    45 ||   258
  Throw: Dart              |       |     7 |     3 ||    10
 Invoke: Convert to Beogh  |       |     1 |       ||     1
    Use: Potion            |       |     3 |       ||     3
         Scroll            |       |       |     1 ||     1
 Armour: Scale mail        |    40 |    43 |       ||    83
         Leather armour    |       |    17 |       ||    17
         Ring mail         |       |    14 |    23 ||    37
  Dodge: Dodged            |    32 |    69 |    37 ||   138
  Block: Buckler           |    12 |    39 |    16 ||    67

Table legend: (Time is in decaauts)
 A = Elapsed time spent in this place.
 B = Non-inter-level travel time spent in this place.
 C = Inter-level travel time spent in this place.
 D = Time resting spent in this place.
 E = Time spent auto-exploring this place.
 F = Levels seen in this place.
 G = Mean time per level.
                   A        B        C        D        E       F      G
               +--------+--------+--------+--------+--------+-----+--------+
         Total |   3875 |   3726 |    149 |    221 |   2800 |   5 |  775.0 |
       Dungeon |   3875 |   3726 |    149 |    221 |   2800 |   5 |  775.0 |
               +--------+--------+--------+--------+--------+-----+--------+

Top non-repeatable levels by time:
     D:4: 1676 daAuts
     D:3: 705 daAuts
     D:1: 652 daAuts
     D:5: 425 daAuts
     D:2: 416 daAuts
